 Dungeon Crawl Stone Soup version 0.27.1-1-g398f81649c (webtiles) character file.

Game seed: 14133747105362870478

16 pkoi the Chopper (level 2, -1/25 HPs)
             Began as a Minotaur Gladiator on Sept 20, 2021.
             Was a Follower of Dithmenos.
             Succumbed to an adder's poison
             ... on level 2 of the Dungeon.
             The game lasted 00:00:59 (884 turns).

pkoi the Chopper (Minotaur Gladiator)                Turns: 884, Time: 00:01:00

Health: -1/25      AC: 10    Str: 18    XL:     2   Next: 37%
Magic:  1/1        EV:  6    Int:  5    God:    Dithmenos [*.....]
Gold:   23         SH:  0    Dex: 11    Spells: 1/1 levels left

rFire    . . .     SeeInvis .   a - +0 war axe
rCold    . . .     Faith    .   (no shield)
rNeg     . . .     Spirit   .   h - +0 plate armour
rPois    .         Reflect  .   c - +0 hat
rElec    .         Harm     .   (no cloak)
rCorr    .         Rampage  .   (no gloves)
Will     .....                  (no boots)
Stlth    ..........             (no amulet)
HPRegen  0.08/turn              (no ring)
MPRegen  0.07/turn              (no ring)

@: mighty, lethally poisoned (-1 -> -9), wreathed by umbra
A: horns 2, retaliatory headbutt
a: Renounce Religion


You were on level 2 of the Dungeon.
You worshipped Dithmenos.
Dithmenos was aware of your devotion.
You visited 1 branch of the dungeon, and saw 2 of its levels.

You collected 23 gold pieces.

Inventory:

Hand Weapons
 a - a +0 war axe (weapon)
Missiles
 d - 3 throwing nets (quivered)
Armour
 b - a +0 leather armour
 c - a +0 hat (worn)
 h - a +0 plate armour (worn)
Potions
 e - 2 potions of might
 g - a potion of lignification {unknown}
 j - a potion of heal wounds {unknown}
 k - a potion of invisibility {unknown}


   Skills:
 + Level 2.8 Fighting
 * Level 4.2 Axes
 - Level 2.0 Throwing
 + Level 1.0 Armour
 - Level 3.2 Dodging


You had one spell level left.
You didn't know any spells.
Your spell library was empty.

Dungeon Overview and Level Annotations

Branches:
Dungeon (2/15)

Altars:
Dithmenos

Shops:
D:1 [


Innate Abilities, Weirdness & Mutations

You have a pair of horns on your head.
You reflexively headbutt those who attack you in melee.


Message History

You are too injured to fight recklessly!
You are too injured to fight recklessly!
You are too injured to fight recklessly!
Unknown command.
Unknown command.
You barely miss the adder.
The adder is lightly wounded.
You hit the endoplasm but do no damage.
You feel sick. The adder bites you.
The endoplasm hits you but does no damage.
The adder bites you but does no damage.
Unknown command.
You hit the adder.
The adder is moderately wounded.
You hit the endoplasm.
You feel sick.
You are no longer poisoned.
The adder bites you.
* * * LOW HITPOINT WARNING * * *
You are poisoned.
The adder poisons you! The endoplasm freezes you.
You are frozen.
* * * LOW HITPOINT WARNING * * *
The adder bites you.
* * * LOW HITPOINT WARNING * * *
You are lethally poisoned!
The adder poisons you!
You closely miss the adder. Your headbutt misses the adder.
The adder is moderately wounded.
You hit the endoplasm.
* * * LOW HITPOINT WARNING * * *
You feel very sick. The endoplasm freezes you.
You are frozen.
* * * LOW HITPOINT WARNING * * *
The adder bites you but does no damage.
The endoplasm hits you but does no damage.
Unknown command.
It was a potion of might.
You feel very mighty all of a sudden.
You die...

## #.# .# #.###
#.. #..# #.#
##.####.##.#
#.###...@S.....#
...#...##J.....#
#..#.#.#..#
#...#.#
#.........# #.##
# #.##.###.## .#
#.##....# #.# #
.. ...# #.#
#.##.###.#
#.......)#


You could see an adder and an endoplasm.

Vanquished Creatures
  A ball python (D:1)
  2 endoplasms (D:1)
  4 goblins (D:1)
  A hobgoblin (D:1)
  A quokka (D:1)
  A bat (D:1)
  3 frilled lizards (D:1)
  2 rats (D:1)
15 creatures vanquished.

Vanquished Creatures (others)
  A demonic plant (D:1)
  5 withered plants (D:1)
6 creatures vanquished.

Grand Total: 21 creatures vanquished

Notes
Turn   | Place    | Note
-------+----------+-------------------------------------------
     0 | D:1      | pkoi the Minotaur Gladiator began the quest for the Orb.
     0 | D:1      | Reached XP level 1. HP: 18/18 MP: 0/0
   141 | D:1      | Found a faded altar of an unknown god.
   233 | D:1      | Became a worshipper of Dithmenos the Shadowed
   233 | D:1      | Reached * piety under Dithmenos
   329 | D:1      | Found Diepsudy's Armour Shoppe.
   383 | D:1      | Reached skill level 4 in Axes
   389 | D:1      | Reached XP level 2. HP: 25/25 MP: 1/1
   400 | D:1      | Reached skill level 1 in Armour
   883 | D:2      | HP: 1/25 [frozen (3)]
   884 | D:2      | Succumbed to an adder's poison

Illustrated notes

Levels and vault maps discovered:
D:1:      wander_arrival_peaceful_grave, layout_loops_cross,
          shapermc_ecumenical_altar_gd, serial_shops, shop
D:2:      wander_river, layout_loops_corners, basic_altar, uniq_jessica,
          uniq_sigmund, uniq_natasha

Skill      XL: |  1  2 |
---------------+-------+-----
Axes           | 4 |  4.2
Armour         | 1 |  1.0
Fighting       | |  2.8
Throwing       | |  2.0
Dodging        | |  3.2

Action                   || total
-------------------------++-------
Melee: War axe           ||    39
       Headbutt          ||     4
  Use: Scroll            ||     2
       Potion            ||     1
Armor: Leather armour    ||     5
       Plate armour      ||    19
Dodge: Dodged            ||    20
